 Dungeon Crawl Stone Soup version 0.29.1-1-gd02db6906a (webtiles) character file.

Game seed: 15930329982522147577

385 DemonSlayer the Firebug (level 6, -7/43 HPs)
             Began as a Demonspawn Fire Elementalist on Sept 26, 2022.
             Mangled by Duvessa
             ... wielding a +2 short sword of freezing
              (12 damage)
             ... on level 4 of the Dungeon.
             The game lasted 00:12:56 (5624 turns).

DemonSlayer the Firebug (DsFE)                      Turns: 5624, Time: 00:12:57

Health: -7/43      AC:  5    Str:  8    XL:     6   Next: 48%
Magic:  3/11       EV: 12    Int: 21    God:
Gold:   201        SH:  0    Dex: 18    Spells: 6/12 levels left

rFire   . . .      SeeInvis .   v - +5 sling "Hydrabane" {freeze, Int+3 Dex+4}
rCold   . . .      Faith    .   (no shield)
rNeg    . . .      Spirit   .   a - +0 robe
rPois   .          Reflect  .   (helmet restricted)
rElec   .          Harm     .   (no cloak)
rCorr   .          Rampage  .   (no gloves)
Will    .....                   p - +0 pair of boots
Stlth   +.........              (no amulet)
HPRegen 0.14/turn               n - ring of flight
MPRegen 0.12/turn               (no ring)

@: confused, ambrosia-drunk, flying
A: antennae 1, slimy green scales 1, spiny 2
a: no special abilities


You were on level 4 of the Dungeon.
You visited 1 branch of the dungeon, and saw 4 of its levels.

You collected 201 gold pieces.

Inventory:

Hand Weapons
 b - a +7 flail of protection
 t - a +2 war axe of venom
 v - the +5 sling "Hydrabane" (weapon) {freeze, Int+3 Dex+4}
   (You found it on level 3 of the Dungeon)

   Any ammunition fired from it freezes those it strikes, dealing additional
   cold damage.
   It can also slow down cold-blooded creatures.
   Int:       It affects your intelligence (+3).
   Dex:       It affects your dexterity (+4).
Missiles
 w - 56 stones
Armour
 a - a +0 robe (worn)
 p - a +0 pair of boots (worn)
Jewellery
 n - a ring of flight (left hand)
Wands
 h - a wand of roots (12)
Scrolls
 d - a scroll of blinking {unknown}
 f - 2 scrolls of silence {unknown}
 g - a scroll of identify {unknown}
 l - a scroll of enchant weapon {unknown}
 o - a scroll of vulnerability {unknown}
 r - a scroll of brand weapon {unknown}
 s - a scroll of teleportation {unknown}
 x - 3 scrolls of poison {unknown}
 z - a scroll of butterflies {unknown}
Potions
 c - a potion of curing
 i - a potion of haste
 j - 2 potions of attraction {unknown}
 k - a potion of brilliance {unknown}
 m - 3 potions of might {unknown}
 q - a potion of berserk rage {unknown}
 A - a potion of degeneration {unknown}


   Skills:
 + Level 1.4 Fighting
 + Level 0.3 Short Blades
 + Level 0.2 Axes
 + Level 2.5 Ranged Weapons
 + Level 2.0 Dodging
 + Level 2.3 Stealth
 + Level 3.6 Spellcasting
 + Level 1.6 Conjurations
 + Level 4.2 Fire Magic


You had 6 spell levels left.
You knew the following spells:

 Your Spells              Type           Power      Damage    Failure   Level
a - Foxfire               Conj/Fire      64%        2x1d7     3%          1
b - Scorch                Fire           42%        2d7       3%          2
c - Conjure Flame         Conj/Fire      16%        6-21      11%         3

Your spell library contained the following spells:

 Spells                   Type           Power      Damage    Failure   Level
 Magic Dart               Conj           40%        1d5       6%          1
 Inner Flame              Hex/Fire       12%        N/A       16%         3
 Call Imp                 Summ           3%         N/A       19%         2
 Mephitic Cloud           Conj/Pois/Air  6%         N/A       30%         3
 Flame Wave               Conj/Fire      16%        2d7       36%         4
 Borgnjor's Vile Clutch   Necr/Erth      1%         N/A       98%         5
 Lee's Rapid Deconstruct  Erth           1%         3d5*      98%         5
 Statue Form              Tmut/Erth      2%         N/A       100%        6


Dungeon Overview and Level Annotations

Branches:
Dungeon (4/15)
 Temple: D:4-7

Altars:
Yredelemnul

Shops:
D:3 [

Annotations:
D:4 Duvessa


Innate Abilities, Weirdness & Mutations

You have a pair of small antennae on your head.
You are partially covered in slimy green scales. (AC +2)
You are mostly covered in sharp spines.


Message History

Duvessa is moderately wounded.
Duvessa's fire resistance burns away.
Duvessa struggles against the net.
The net rips apart, and Duvessa comes free!
Duvessa hits you with a +2 short sword of freezing!
Duvessa freezes you.
You don't have enough magic to cast this spell.
Okay, then.
You throw a throwing net. The throwing net hits Duvessa.
Duvessa is caught in the net!
Duvessa is moderately wounded.
Duvessa struggles against the net.
Duvessa struggles against the net. x2
The net rips apart, and Duvessa comes free!
The roots erupt in riotous growth!
Roots grab Duvessa.
The grasping roots constrict Duvessa.
Duvessa struggles to escape constriction.
Okay, then.
Okay, then.
You shoot a sling bullet. The sling bullet hits Duvessa.
The sling bullet freezes Duvessa.
Duvessa is heavily wounded.
The grasping roots constrict Duvessa!
The roots release their grip on Duvessa.
Duvessa is no longer more vulnerable to fire.
Duvessa barely misses you.
Flames lash Duvessa.
Duvessa is heavily wounded.
Duvessa's fire resistance burns away.
Duvessa is struck by your spines.
Duvessa hits you with a +2 short sword of freezing!
Duvessa freezes you.
Duvessa hits you with a +2 short sword of freezing!
* * * LOW HITPOINT WARNING * * *
Duvessa freezes you.
* * * LOW HITPOINT WARNING * * *
Okay, then.
You are confused.
You feel invigorated.
Duvessa hits you with a +2 short sword of freezing!
You die...

.. ##.##†## ## #. #.......
#. .. #..##.## #. .##
#.###.# #. .. #.###.## #.
#† #....... ##.
#.###.###.##
.####..#########........#.#
).>..$)°.e@....#####..##.##
.####.########.# #.......
#.# #.# #...)..†
#.########.#####..####.
#.#[..............# ##
#.#.#####.######.## #.#.#
#.# #.# #.#.# #.# #.# #
#.#.# #.# #.######


You could see Duvessa (berserk, combustible).

Vanquished Creatures
  Edmund (D:4)
  Dowan (D:4)
  A jelly (D:4)
  A hound (D:4)
  An iguana (D:4)
  Terence (D:2)
  An orc wizard (D:4)
  An adder (D:4)
  8 orcs
  7 endoplasms
  5 giant cockroaches
  7 goblins
  8 hobgoblins
  8 jackals (D:2)
  8 kobolds
  2 quokkas
  5 ball pythons
  A bat (D:3)
  4 frilled lizards
  4 rats
75 creatures vanquished.

Vanquished Creatures (others)
  117 foxfires
117 creatures vanquished.

Grand Total: 192 creatures vanquished

Notes
Turn   | Place    | Note
-------+----------+-------------------------------------------
     0 | D:1      | DemonSlayer the Demonspawn Fire Elementalist began the
                  | quest for the Orb.
     0 | D:1      | Reached XP level 1. HP: 13/13 MP: 3/3
   334 | D:1      | Found a faded altar of an unknown god.
   411 | D:1      | Reached skill level 3 in Fire Magic
   497 | D:1      | Gained mutation: You are partially covered in slimy green
                  | scales. (AC +2) [demonic ancestry]
   497 | D:1      | Reached XP level 2. HP: 19/19 MP: 0/5
   500 | D:1      | Learned a level 2 spell: Scorch
  1616 | D:2      | Got the Secrets of the Lithosphere
  1926 | D:2      | Gained mutation: You are partially covered in sharp spines.
                  | [demonic ancestry]
  1926 | D:2      | Reached XP level 3. HP: 7/24 MP: 1/6
  2392 | D:2      | Noticed Terence
  2412 | D:2      | Killed Terence
  2698 | D:2      | Gained mutation: You have a pair of small antennae on your
                  | head. [demonic ancestry]
  2698 | D:2      | Reached XP level 4. HP: 30/30 MP: 2/7
  2702 | D:2      | Learned a level 3 spell: Conjure Flame
  3001 | D:3      | Found Jivvetz's Antique Armour Shop.
  3165 | D:3      | Identified the +5 sling "Hydrabane" {freeze, Int+3 Dex+4}
  4922 | D:4      | Found a basalt altar of Yredelemnul.
  5051 | D:4      | Reached skill level 1 in Ranged Weapons
  5051 | D:4      | Gained mutation: You are mostly covered in sharp spines.
                  | [demonic ancestry]
  5051 | D:4      | Reached XP level 5. HP: 36/36 MP: 9/9
  5090 | D:4      | Noticed Edmund
  5156 | D:4      | Killed Edmund
  5157 | D:4      | Reached skill level 1 in Fighting
  5157 | D:4      | Reached skill level 4 in Fire Magic
  5157 | D:4      | Reached XP level 6. HP: 37/43 MP: 2/10
  5432 | D:4      | Noticed Dowan
  5439 | D:4      | Killed Dowan
  5610 | D:4      | Noticed Duvessa
  5623 | D:4      | HP: 2/43 [Duvessa/+2 short sword of freezing (2)]
  5624 | D:4      | Mangled by Duvessa

Illustrated notes

Levels and vault maps discovered:
D:1:      shiori_arrival_oz, layout_basic, shapermc_ecumenical_altar_ellora,
          grunt_decor_mini_mirrors, st_stairs_10
D:2:      layout_loops_cross, minmay_domino_2, uniq_terence
D:3:      minmay_octagon_keep, layout_basic, serial_shops, shop,
          kennysheep_flooded_box
D:4:      layout_loops_ring, lemuel_crystal_altar, serial_shops,
          kennysheep_mini, uniq_edmund, uniq_duvessa

Skill      XL: |  1  2  3  4  5 |
---------------+----------------+-----
Fire Magic     | 3 4 |  4.2
Stealth        | 2 |  2.3
Ranged Weapons | 1 2 |  2.5
Spellcasting   | 3 |  3.6
Fighting       | 1 |  1.4
Dodging        | 2 |  2.0
Short Blades   | |  0.3
Axes           | |  0.2
Conjurations   | |  1.6

Action                   |  1- 3 |  4- 6 || total
-------------------------+-------+-------++-------
Melee: Short sword       |    30 |       ||    30
       Hand axe          |       |     6 ||     6
 Fire: Sling             |       |    51 ||    51
Throw: Throwing net      |       |     2 ||     2
 Cast: Foxfire           |    82 |       ||    82
       Scorch            |    12 |    27 ||    39
       Conjure Flame     |       |     2 ||     2
Evoke: Wand              |       |     2 ||     2
  Use: Potion            |     4 |     6 ||    10
Armor: Robe              |     9 |     2 ||    11
Dodge: Dodged            |    30 |    11 ||    41
